 Dungeon Crawl Stone Soup version 0.28-a0-1312-g71652a0310 (webtiles) character file.

Game seed: 11509055231038010559

120 gimp the Chopper (level 4, 0/36 HPs)
             Began as a Demigod Wanderer on Dec 27, 2021.
             Slain by an orc priest (4 damage)
             ... on level 3 of the Dungeon.
             The game lasted 00:04:23 (3311 turns).

gimp the Chopper (Demigod Wanderer)                 Turns: 3311, Time: 00:04:23

Health: 0/36       AC:  4    Str: 17    XL:     4   Next: 47%
Magic:  6/6        EV: 12    Int: 13    God:
Gold:   39         SH:  0    Dex: 14    Spells: 2/3 levels left

rFire   . . .      SeeInvis .   b - +0 hand axe
rCold   + . .      Faith    .   (no shield)
rNeg    . . .      Spirit   .   m - +1 robe {rC+}
rPois   .          Reflect  .   (no helmet)
rElec   .          Harm     .   d - +0 cloak
rCorr   .          Rampage  .   (no gloves)
Will    .....                   (no boots)
Stlth   ++........              (no amulet)
HPRegen 0.12/turn               (no ring)
MPRegen 0.10/turn               (no ring)

@: no status effects
A: high mp 1, forlorn, divine attributes
a: no special abilities


You were on level 3 of the Dungeon.
You visited 1 branch of the dungeon, and saw 3 of its levels.

You collected 39 gold pieces.

Inventory:

Hand Weapons
 a - a +2 dagger
 b - a +0 hand axe (weapon)
Missiles
 c - a curare-tipped dart (quivered)
Armour
 d - a +0 cloak (worn)
 m - a +1 robe of cold resistance (worn)
Magical Staves
 h - a staff of air
Jewellery
 j - a ring of wizardry
Scrolls
 i - a scroll of immolation {unknown}
 k - a scroll of identify {unknown}
Potions
 e - a potion of might {unknown}
 f - a potion of flight {unknown}
 g - a potion of cancellation {unknown}
 l - a potion of heal wounds {unknown}
 n - a potion of curing {unknown}
 o - a potion of brilliance {unknown}


   Skills:
 + Level 1.8 Fighting
 * Level 4.1 Axes
 - Level 3.6 Throwing
 - Level 1.7 Dodging
 - Level 1.0 Stealth
 * Level 1.4 Air Magic


You had 2 spell levels left.
You knew the following spells:

 Your Spells              Type           Power      Damage    Failure   Level
a - Pain                  Necr           0%         1d4       30%         1

Your spell library contained the following spells:

 Spells                   Type           Power      Damage    Failure   Level
 Animate Skeleton         Necr           0%         N/A       30%         1
 Summon Small Mammal      Summ           0%         N/A       30%         1
 Static Discharge         Conj/Air       1%         N/A       34%         2
 Blink                    Tloc           0%         N/A       43%         2
 Ozocubu's Armour         Ice            0%         N/A       67%         3
 Vampiric Draining        Necr           0%         2d6       67%         3
 Lightning Bolt           Conj/Air       0%         1d11      100%        5
 Manifold Assault         Tloc           0%         N/A       100%        5
 Ozocubu's Refrigeration  Ice            0%         4d5       100%        7
 Storm Form               Tmut/Air       0%         N/A       100%        7
 Maxwell's Capacitive Co  Air            1%         ∞         100%        8


Dungeon Overview and Level Annotations

Branches:
Dungeon (3/15)

Shops:
D:2 [


Innate Abilities, Weirdness & Mutations

You have an increased reservoir of magic. (+10% MP)
You shall have no god before yourself.
Your divine heritage dramatically boosts your attributes as you level up.


Message History

The orc priest hits you with a +0 short sword.
You take 3 damage, and have 11/36 hp.
You barely miss the orc priest.
The orc priest is lightly wounded.
The orc priest barely misses you.
You barely miss the orc priest.
The orc priest is lightly wounded.
The orc priest begins to cast a cantrip, but forgets the words!
You hit the orc priest but do no damage.
The orc priest is lightly wounded.
The orc priest hits you with a +0 short sword.
* * * LOW HITPOINT WARNING * * *
You take 3 damage, and have 9/36 hp.
You barely miss the orc priest.
The orc priest is lightly wounded.
The orc priest barely misses you. The jackal barely misses you.
The orc priest hits you with a +0 short sword.
* * * LOW HITPOINT WARNING * * *
You take 2 damage, and have 7/36 hp.
You closely miss the orc priest.
The orc priest is lightly wounded.
You hit the jackal. The jackal bites you.
* * * LOW HITPOINT WARNING * * *
The orc priest casts a cantrip, but nothing happens.
You take 2 damage, and have 5/36 hp.
The jackal barks!
You hit the orc priest.
The orc priest is heavily wounded.
You hit the jackal.
The jackal bites you but does no damage.
The orc priest hits you with a +0 short sword.
* * * LOW HITPOINT WARNING * * *
The jackal misses you.
You take 1 damage, and have 4/36 hp.
You hit the orc priest but do no damage.
The orc priest is heavily wounded.
You hit the jackal but do no damage.
The jackal bites you but does no damage.
The orc priest hits you with a +0 short sword.
You die...

... .. ########
... #..###......#
....
........<...#.o...
...#.....).#.....
#.#>.hh@.....#
#......o...###
#........<.##
...###......# ..
.....##.... .
.....######.#
..... .# ..... .
.... #


You could see an orc priest and 2 jackals.

Vanquished Creatures
  An orc priest (D:2)
  An adder (D:1)
  A worm (D:2)
  2 dart slugs
  8 orcs
  5 endoplasms (D:1)
  4 giant cockroaches (D:1)
  3 hobgoblins
  5 jackals
  5 quokkas
  3 ball pythons
  2 bats (D:2)
  5 frilled lizards
  9 goblins
  5 kobolds
  2 rats (D:1)
61 creatures vanquished.

Vanquished Creatures (others)
  A fungus (D:2)
1 creature vanquished.

Grand Total: 62 creatures vanquished

Notes
Turn   | Place    | Note
-------+----------+-------------------------------------------
     0 | D:1      | gimp the Demigod Wanderer began the quest for the Orb.
     0 | D:1      | gimp set off with the following items: a +2 dagger, a
                  | curare-tipped dart, a +0 hand axe, a +0 cloak, a +0 robe
     0 | D:1      | Reached XP level 1. HP: 14/14 MP: 3/3
   384 | D:1      | Reached skill level 3 in Axes
   632 | D:1      | Reached XP level 2. HP: 22/22 MP: 4/4
   835 | D:1      | Reached skill level 1 in Fighting
  1533 | D:2      | Reached XP level 3. HP: 22/28 MP: 5/5
  2279 | D:2      | Found Voul's Armour Boutique.
  2287 | D:2      | Learned a level 1 spell: Pain
  2623 | D:2      | Reached skill level 4 in Axes
  2623 | D:2      | Reached skill level 1 in Air Magic
  2623 | D:2      | Reached XP level 4. HP: 21/36 MP: 6/6
  2757 | D:2      | Got Plato's Volume of Calling
  3311 | D:3      | Slain by an orc priest

Illustrated notes

Levels and vault maps discovered:
D:1:      noname_arrival_rooms_in_the_neighbourhood, layout_basic
D:2:      layout_basic, shapermc_ecumenical_altar_rom_forum, serial_shops,
          nicolae_shop_behind_doors, basic_altar, grunt_decor_fettered,
          grunt_ministairs_1, kennysheep_generic_room_14
D:3:      layout_rooms

Skill      XL: |  1  2  3 |
---------------+----------+-----
Axes           | 3 4 |  4.1
Fighting       | 1 |  1.8
Air Magic      | 1 |  1.4
Throwing       | |  3.6
Dodging        | |  1.7
Stealth        | |  1.0

Action                   |  1- 3 |  4- 6 || total
-------------------------+-------+-------++-------
Melee: Hand axe          |   155 |    52 ||   207
 Stab: Sleeping          |     4 |       ||     4
       Distracted        |       |     1 ||     1
Armor: Robe              |    45 |    13 ||    58
Dodge: Dodged            |   121 |    26 ||   147

Table legend: (Time is in decaauts)
 A = Elapsed time spent in this place.
 B = Non-inter-level travel time spent in this place.
 C = Inter-level travel time spent in this place.
 D = Time resting spent in this place.
 E = Time spent auto-exploring this place.
 F = Levels seen in this place.
 G = Mean time per level.
                   A        B        C        D        E       F      G
               +--------+--------+--------+--------+--------+-----+--------+
         Total |   3339 |   3275 |     64 |    615 |   2010 |   3 | 1113.0 |
       Dungeon |   3339 |   3275 |     64 |    615 |   2010 |   3 | 1113.0 |
               +--------+--------+--------+--------+--------+-----+--------+

Top non-repeatable levels by time:
     D:1: 1705 daAuts
     D:2: 1595 daAuts
     D:3: 38 daAuts
